AoeStats
← 普通NPC一枚

Four Lakes

509031492Analyzed
1v1 RM · 6d ago on Sep 25, 2026· 59m 16s· 2 players
Game mode
Random Map
Map size
Tiny (2 player)
Population
200
Speed
Normal
Resources
Standard
Victory
Conquest
Starting age
Dark Age
Ending age
Imperial Age
RankedLock teamsTeams togetherTeam positionsShared explorationLock speedFull tech treeHidden civsTurbo modeCheats
Victory
Defeat
🇨🇳 Chinese · China
986
+15
🇦🇷 Ethiopians · Argentina
961
-35
Coloso MDP
14:27 Feudal Age
18:37 Castle Age
17:49 Scale Mail Armor
18:24 Double-Bit Axe
19:37 Horse Collar
20:10 Bow Saw
20:15 Squires
20:56 Husbandry
21:07 Scale Barding Armor
24:46 Chain Barding Armor
27:44 Loom
31:24 Forging
32:52 Wheelbarrow
33:56 Hand Cart
37:56 Imperial Age
38:02 Halberdier
39:05 Conscription
39:51 Town Watch
41:39 Chain Mail Armor
41:59 Iron Casting
41:38 Gold Mining
42:02 Cavalier
42:55 Elite Skirmisher
47:44 Fletching
47:54 Padded Archer Armor
47:22 Light Cavalry
47:28 Man-at-Arms
49:35 Bodkin Arrow
49:56 Leather Archer Armor
49:08 Hussar
50:17 Bracer
53:10 Ballistics
53:51 Chemistry
54:34 Blast Furnace
54:04 Ring Archer Armor
普通NPC一枚
0:27 Loom
9:51 Feudal Age
13:14 Double-Bit Axe
17:15 Scale Barding Armor
22:29 Castle Age
20:16 Town Watch
22:36 Crossbowman
23:22 Thumb Ring
33:06 Imperial Age
31:14 Bow Saw
30:56 Gold Mining
35:08 Wheelbarrow
37:45 Scale Mail Armor
37:55 Forging
40:16 Hand Cart
42:04 Squires
41:25 Pikeman
43:46 Conscription
43:33 Padded Archer Armor
44:53 Fletching
45:18 Leather Archer Armor
46:59 Gold Shaft Mining
46:15 Stone Mining
49:12 Ballistics
49:52 Chemistry
49:06 Fortified Wall
48:59 Halberdier
49:55 Bodkin Arrow
50:16 Leather Archer Armor
50:16 Chain Mail Armor
50:37 Iron Casting
49:44 Elite Chu Ko Nu
51:40 Two-Man Saw
Connection lost

Rejoining the realm…

Still unreachable

The connection could not be restored.

Session expired

The server has moved on; the page needs a fresh start.